 Dungeon Crawl Stone Soup version 0.26.1-11-gd32895ea62 (webtiles) character file.

Game seed: 10398385519190624178

92 woolyfrog the Cutter (level 4, -4/30 HPs)
             Began as a Halfling Fighter on May 3, 2021.
             Slain by Grinder (8 damage)
             ... on level 3 of the Dungeon.
             The game lasted 00:06:52 (2358 turns).

woolyfrog the Cutter (Halfling Fighter)             Turns: 2358, Time: 00:06:52

Health: -4/30      AC:  8    Str: 18    XL:     4   Next: 90%
Magic:  4/4        EV:  9    Int:  6    God:
Gold:   80         SH:  9    Dex: 13    Spells: 3/3 levels left

rFire    . . .     SeeInvis .   a - +0 rapier
rCold    . . .     Faith    .   c - +0 kite shield
rNeg     . . .     Spirit   .   b - +0 scale mail
rPois    .         Reflect  .   (no helmet)
rElec    .         Harm     .   (no cloak)
rCorr    .         Rampage  .   (no gloves)
Will     .....                  g - +0 pair of boots
Stlth    ..........             (no amulet)
HPRegen  0.10/turn              (no ring)
MPRegen  0.09/turn              (no ring)

@: attractive
A: small, mutation resistance 1
a: no special abilities


You were on level 3 of the Dungeon.
You visited 1 branch of the dungeon, and saw 3 of its levels.

You collected 80 gold pieces.

Inventory:

Hand Weapons
 a - a +0 rapier (weapon)
Missiles
 f - 84 stones (quivered)
 i - 19 sling bullets
Armour
 b - a +0 scale mail (worn)
 c - a +0 kite shield (worn)
 g - a +0 pair of boots (worn)


   Skills:
 - Level 2.6 Fighting
 + Level 5.6 Short Blades
 - Level 3.2 Armour
 - Level 3.2 Shields


You had 3 spell levels left.
You didn't know any spells.
Your spell library was empty.

Dungeon Overview and Level Annotations

Branches:
Dungeon (3/15)

Altars:

Annotations:
D:3 Grinder


Innate Abilities, Weirdness & Mutations

You are small and have problems with some larger weapons.
You are somewhat resistant to further mutation.


Message History

Grinder is moderately wounded.
Grinder gestures at you. Pain shoots through your body!
* * * LOW HITPOINT WARNING * * *
You barely miss Grinder.
Grinder is moderately wounded.
Grinder gestures at you. Pain shoots through your body!
* * * LOW HITPOINT WARNING * * *
You aren't carrying any scrolls.
It was a potion of attraction.
You feel attractive to monsters.
Grinder blinks!
Grinder is pulled toward you!
You aren't carrying any scrolls.
It was a potion of mutation.
You feel extremely strange. Grinder closely misses you.
You hit Grinder but do no damage.
Grinder is moderately wounded.
Grinder hits you!
You die...

,,,*,,,,,..#*******...#,,,*
,,,*,,,,,..# ###...#****
,,,,*****#.# #.....# ,,,,*
#.# #.#,*,* ,,,,* #.#
#.#,*,* ,,,,* ###.###
#.#,*,* ,,,,* #.....#
#.#,*,*** ,,,,*
#.#.#.####.#,*,*,* ,,,,*
#)#.#...5@.#,*,,,* *****
#.#.######.#,***,* *>***
#.#.#****###,***,**** ,,,8*
#.#..,,,,,,,,,,,,,,,*
,,,,**
#.###*******,********
,,,,8* #.##########,*
,,,,*###..........#,*
,,,8*#............#,*
,,,,*####..####.#.#,*


You could see Grinder.

Vanquished Creatures
  3 adders
  2 worms (D:2)
  2 dart slugs
  7 orcs (D:3)
  2 giant cockroaches
  5 goblins
  6 hobgoblins
  2 jackals (D:1)
  2 quokkas
  2 ball pythons
  5 bats
  A frilled lizard (D:2)
  5 kobolds
  6 rats
50 creatures vanquished.

Notes
Turn   | Place    | Note
-------+----------+-------------------------------------------
     0 | D:1      | woolyfrog the Halfling Fighter began the quest for the Orb.
     0 | D:1      | Reached XP level 1. HP: 15/15 MP: 1/1
   122 | D:1      | Reached skill level 3 in Short Blades
   147 | D:1      | Reached XP level 2. HP: 8/20 MP: 2/2
   704 | D:2      | Reached skill level 4 in Short Blades
   704 | D:2      | Reached XP level 3. HP: 14/25 MP: 3/3
  1284 | D:2      | Reached XP level 4. HP: 27/30 MP: 4/4
  1395 | D:2      | Reached skill level 5 in Short Blades
  2335 | D:3      | Noticed Grinder
  2358 | D:3      | Slain by Grinder

Illustrated notes

Levels and vault maps discovered:
D:1:      amcnicky_arrival_flooded_fountain, layout_rooms,
          minmay_misc_feat_secret_circle
D:2:      minmay_alternating_diamond, layout_loops_cross
D:3:      layout_basic, pdpol_wu_jian_five_deadly_venoms, marbit_many_paths,
          nicolae_overflow_hidden_temple, gammafunk_ghost_stat_death,
          uniq_grinder

Skill      XL: |  1  2  3  4 |
---------------+-------------+-----
Short Blades   | 3 4 5 |  5.6
Fighting       | |  2.6
Armour         | |  3.2
Shields        | |  3.2

Action                   |  1- 3 |  4- 6 || total
-------------------------+-------+-------++-------
Melee: Rapier            |    93 |   112 ||   205
Throw: Stone             |     4 |     2 ||     6
  Use: Potion            |     1 |     3 ||     4
       Scroll            |     1 |     5 ||     6
Armor: Scale mail        |    51 |    37 ||    88
Dodge: Dodged            |    36 |    26 ||    62
Block: Kite shield       |    48 |    34 ||    82
